Oilers vs Panthers

Created - December-12-12 at 17:58

Goals
1 2 3 T
Oilers 0 1 3 4
Panthers 0 3 3 6
Shots
1 2 3 T
Oilers 4 11 11 26
Panthers 13 12 13 38

1st period

No Goal

Penalties :
Adam Burish (EDM) for High sticking (Minor) at 2:49, Andrew Cogliano (FLA) for Interference (Minor) at 11:39, Adam Burish (EDM) for Charging (Minor) at 15:07

2nd period

1. Panthers , Dave Bolland 9 (Clarke MacArthur, Andy Greene) at 11:32
2. Oilers , Jason Pominville 21 (Derek Roy) at 11:36
3. Panthers , Lee Stempniak 4 (Niklas Kronwall, Kevin Klein) at 14:23
4. Panthers , Ryan Smyth 5 (Kevin Klein, Niklas Kronwall) at 19:11

Penalties :
Jeff Schultz (EDM) for Slashing (Minor) at 11:55, Colin Greening (FLA) for Slashing (Minor) at 14:55, Dave Bolland (FLA) for Roughing (Minor) at 19:27

3rd period

5. Oilers , Scott Hannan 2 (Radek Dvorak, Nate Guenin) at 6:53
6. Panthers , Ryan Smyth 6 (Colin Greening, Johnny Oduya) at 7:21
7. Panthers , Andrew Cogliano 2 (Viktor Stalberg, Andy Greene) at 12:28
8. Oilers , Jason Pominville 22 (Jan Hejda, Dany Heatley) at 16:09 (PP)
9. Oilers , Jan Hejda 6 (Jochen Hecht, Tomas Holmstrom) at 18:50 (PP)
10. Panthers , Jiri Hudler 7 (Dave Bolland, Luca Sbisa) at 19:18

Penalties :
Jeff Schultz (EDM) for Interference (Minor) at 2:05, Chris Phillips (EDM) for Checking from behind (Major / Game Misconduct) at 3:42, Dave Bolland (FLA) for Holding (Minor) at 6:26, Jason Pominville (EDM) for Roughing (Minor) at 13:24, Andrew Cogliano (FLA) for Slashing (Minor) at 15:45, Kyle Quincey (FLA) for Hooking (Minor) at 17:09

Goalie Stats

Kari Lehtonen (EDM), 32 saves from 38 shots - (0.842), L, 23-8-2, 60:00 minutes
Semyon Varlamov (FLA), 22 saves from 26 shots - (0.846), W, 5-1-0, 60:00 minutes

Players Stats for Oilers

Player Name              G  A  P  +/- PIM S  H  SB GA TA FO     MP     PP MP  PK MP  
------------------------------------------------------------------------------------
Adam Burish              0  0  0   0  4   2  1  0  0  0  6/17   13:49   0:00   4:00 
Chris Phillips           0  0  0  -1  15  4  3  2  0  0  0/0    17:24   3:37   3:24 
Dany Heatley             0  1  1  -2  0   2  2  0  0  0  1/3    20:20   4:05   0:00 
Derek Roy                0  1  1  -1  0   1  1  0  0  0  14/22  19:17   4:05   5:49 
Dustin Jeffrey           0  0  0  -1  0   0  0  0  0  0  1/5     6:55   0:00   0:44 
Erik Gustafsson          0  0  0  -3  0   3  1  2  0  0  0/0    23:29   4:39   6:37 
Jakub Voracek            0  0  0  -1  0   0  1  0  0  0  1/2    17:03   3:57   0:00 
Jan Hejda                1  1  2  -2  0   3  1  2  0  0  0/0    24:59   3:35   6:20 
Jason Pominville         2  0  2  -2  2   4  1  0  0  0  0/2    19:37   4:05   0:00 
Jed Ortmeyer             0  0  0   0  0   0  0  0  0  0  0/0     0:00   0:00   0:00 
Jeff Schultz             0  0  0  -1  4   1  2  0  0  0  0/0    19:14   1:02   4:32 
Jochen Hecht             0  1  1  -1  0   1  1  0  0  0  18/33  19:53   3:57   2:50 
Lennart Petrell          0  0  0  -1  0   0  0  0  0  0  0/1     0:28   0:00   0:00 
Nate Guenin              0  1  1   0  0   1  0  0  0  0  0/0    19:16   3:11   3:04 
Radek Dvorak             0  1  1   0  0   2  0  1  0  0  0/1    14:50   0:00   4:32 
Ruslan Fedotenko         0  0  0  -2  0   0  4  0  0  0  2/4    20:39   0:00   7:05 
Scott Hannan             1  0  1  -1  0   1  0  2  0  0  0/0    15:03   0:00   0:52 
Tomas Holmstrom          0  1  1  -1  0   1  0  0  0  0  1/2    12:44   3:57   0:00 

Players Stats for Panthers

Player Name              G  A  P  +/- PIM S  H  SB GA TA FO     MP     PP MP  PK MP  
------------------------------------------------------------------------------------
Andrew Cogliano          1  0  1   1  4   3  0  0  0  0  5/11    8:34   0:00   0:00 
Andy Greene              0  2  2   2  0   0  0  2  0  0  0/0    15:55   0:52   2:43 
Clarke MacArthur         0  1  1   1  0   0  1  0  0  0  0/0    11:39   0:00   0:22 
Colin Greening           0  1  1   1  2   1  2  0  0  0  2/4     9:35   0:49   0:00 
Craig Smith              0  0  0   1  0   3  2  0  0  0  2/2    10:32   0:51   0:35 
Daniel Alfredsson        0  0  0   1  0   7  2  0  0  0  5/11   22:38   6:35   5:18 
Dave Bolland             1  1  2   1  4   3  0  0  0  0  16/30  18:47   5:22   2:09 
Jiri Hudler              1  0  1   1  0   5  2  0  0  0  0/1    16:47   5:30   0:00 
Johnny Oduya             0  1  1   1  0   4  0  0  0  0  0/0    19:14   5:34   0:22 
Kevin Klein              0  2  2   1  0   1  0  4  0  0  0/0    19:06   0:00   5:19 
Kyle Quincey             0  0  0   1  2   0  4  0  0  0  0/0    22:58   5:33   2:21 
Lee Stempniak            1  0  1   1  0   1  0  0  0  0  0/0     7:18   0:00   0:00 
Luca Sbisa               0  1  1   2  0   1  1  0  0  0  0/0    17:32   6:08   0:00 
Niklas Kronwall          0  2  2   1  0   3  2  1  0  0  0/0    25:14   6:59   5:19 
Ryan Smyth               2  0  2   1  0   2  2  1  0  0  1/2    21:20   5:58   3:38 
Sam Gagner               0  0  0   1  0   2  1  0  0  0  12/22  16:50   6:35   0:00 
Tim Stapleton            0  0  0   1  0   2  0  0  0  0  3/6     7:18   0:00   0:00 
Viktor Stalberg          0  1  1   1  0   0  2  0  0  0  2/3    18:36   5:58   4:02 

3 Stars

1 - Ryan Smyth (FLA)
2 - Andy Greene (FLA)
3 - Niklas Kronwall (FLA)

Power Play

Oilers - 2 on 6 Attempt(s) - 33.33%
Panthers - 0 on 6 Attempt(s) - 0.00%

Penalty Kill

Oilers - 6 on 6 Attempt(s) - 100.00% - Score 0 goal in Penalty Kill
Panthers - 4 on 6 Attempt(s) - 66.67% - Score 0 goal in Penalty Kill

Official

Referees : Dan O'Rourke and Eric Furlatt
Linesman : Pierre Champoux and Scott Driscoll

Game Notes

Chris Phillips ejected from game at 3:42 of 3rd period
Chris Phillips from Oilers is suspended for 3 game(s)

Finance

Level 1 -- Attendance: 6000 (100.00%) -- Ticket Income $600,000
Level 2 -- Attendance: 5000 (100.00%) -- Ticket Income $350,000
Level 3 -- Attendance: 3500 (100.00%) -- Ticket Income $192,500
Level 4 -- Attendance: 3317 (88.45%) -- Ticket Income $82,925
Luxury Box -- Attendance: 1000 (100.00%) -- Ticket Income $180,000
Game was played at the BankAtlantic Center
Total Attendance: 18817 (97.75%)
Total Ticket Income: $1,405,425
Other Income: $210,814
Total Income: $1,616,239


% Time on Ice - Oilers

Lines # - Real PCT - Wanted PCT - Time Play
Normal Forward
1 - 25% - 32% - 9:23
2 - 35% - 32% - 13:06
3 - 16% - 20% - 6:10
4 - 23% - 16% - 8:47
Normal Defense
1 - 35% - 35% - 13:13
2 - 30% - 33% - 11:03
3 - 30% - 23% - 11:05
4 - 6% - 9% - 2:05
PP Forward
1 - 51% - 50% - 4:05
2 - 49% - 50% - 3:57
PP Defense
1 - 60% - 55% - 4:51
2 - 40% - 45% - 3:11
PK Forward
1 - 63% - 57% - 7:39
2 - 37% - 43% - 4:32
PK Defense
1 - 44% - 55% - 5:21
2 - 56% - 45% - 6:50
PK3 Forward
1 - 100% - 55% - 0:22
2 - 0% - 45% - 0:00
PK3 Defense
1 - 0% - 60% - 0:00
2 - 100% - 40% - 0:22
44 Forward
1 - 76% - 60% - 1:31
2 - 24% - 40% - 0:28
44 Defense
1 - 77% - 65% - 1:32
2 - 23% - 35% - 0:27
Last Minute Offensive  - 0:00
Last Minute Defensive  - 0:00
Total
Forward - 60:00
Defense - 60:00

% Time on Ice - Panthers

Lines # - Real PCT - Wanted PCT - Time Play
Normal Forward
1 - 27% - 32% - 10:15
2 - 30% - 30% - 11:17
3 - 23% - 25% - 8:36
4 - 20% - 13% - 7:18
Normal Defense
1 - 34% - 33% - 12:50
2 - 33% - 30% - 12:16
3 - 27% - 25% - 10:12
4 - 6% - 12% - 2:08
PP Forward
1 - 52% - 55% - 6:35
2 - 48% - 45% - 5:58
PP Defense
1 - 56% - 60% - 6:59
2 - 44% - 40% - 5:34
PK Forward
1 - 50% - 50% - 4:00
2 - 50% - 50% - 4:02
PK Defense
1 - 66% - 60% - 5:19
2 - 34% - 40% - 2:43
PK3 Forward
1 - 0% - 50%
2 - 0% - 50%
PK3 Defense
1 - 0% - 60%
2 - 0% - 40%
44 Forward
1 - 100% - 60% - 1:59
2 - 0% - 40% - 0:00
44 Defense
1 - 48% - 60% - 0:57
2 - 52% - 40% - 1:02
Last Minute Offensive  - 0:00
Last Minute Defensive  - 0:00
Total
Forward - 60:00
Defense - 60:00

Play by Play

1st period


0:01 of 1st period - Derek Roy wins face-off versus Sam Gagner in neutral zone.
0:18 of 1st period - Daniel Alfredsson is hit by Chris Phillips and loses puck.
0:27 of 1st period - Shot by Daniel Alfredsson.
0:27 of 1st period - Stopped by Kari Lehtonen without a rebound.
0:28 of 1st period - Dave Bolland wins face-off versus Jochen Hecht in Oilers zone.
0:31 of 1st period - Shot by Johnny Oduya.
0:31 of 1st period - Shot Misses the Net.
1:08 of 1st period - Jiri Hudler is hit by Ruslan Fedotenko.
2:49 of 1st period - Minor Penalty to Adam Burish for High sticking.
2:50 of 1st period - Sam Gagner wins face-off versus Jochen Hecht in Oilers zone.
2:53 of 1st period - Shot by Niklas Kronwall.
2:53 of 1st period - Shot Misses the Net.
2:55 of 1st period - Shot by Daniel Alfredsson.
2:55 of 1st period - Shot Misses the Net.
2:57 of 1st period - Shot by Sam Gagner.
2:57 of 1st period - Shot Misses the Net.
3:03 of 1st period - Shot by Niklas Kronwall.
3:03 of 1st period - Stopped by Kari Lehtonen without a rebound.
3:04 of 1st period - Jochen Hecht wins face-off versus Colin Greening in Oilers zone.
3:38 of 1st period - Shot by Niklas Kronwall.
3:38 of 1st period - Stopped by Kari Lehtonen without a rebound.
3:39 of 1st period - Jochen Hecht wins face-off versus Sam Gagner in Oilers zone.
4:01 of 1st period - Sam Gagner is hit by Chris Phillips and loses puck.
4:24 of 1st period - Jan Hejda is hit by Craig Smith and loses puck.
5:14 of 1st period - Shot by Dany Heatley.
5:14 of 1st period - Shot Misses the Net.
5:33 of 1st period - Icing by Kevin Klein.
5:34 of 1st period - Adam Burish wins face-off versus Tim Stapleton in Panthers zone.
5:37 of 1st period - Shot by Radek Dvorak.
5:37 of 1st period - Shot Misses the Net.
5:39 of 1st period - Shot by Tomas Holmstrom.
5:39 of 1st period - Stopped by Semyon Varlamov without a rebound.
5:40 of 1st period - Adam Burish wins face-off versus Sam Gagner in Panthers zone.
6:04 of 1st period - Shot by Adam Burish.
6:04 of 1st period - Shot Misses the Net.
6:12 of 1st period - Shot by Radek Dvorak.
6:12 of 1st period - Shot Misses the Net.
6:57 of 1st period - Shot by Dany Heatley.
6:57 of 1st period - Stopped by Semyon Varlamov without a rebound.
6:58 of 1st period - Andrew Cogliano wins face-off versus Ruslan Fedotenko in Panthers zone.
7:15 of 1st period - Shot by Jakub Voracek.
7:15 of 1st period - Shot Misses the Net.
7:29 of 1st period - Shot by Kevin Klein.
7:29 of 1st period - Stopped by Kari Lehtonen without a rebound.
7:30 of 1st period - Dave Bolland wins face-off versus Dany Heatley in Oilers zone.
7:33 of 1st period - Shot by Jiri Hudler.
7:33 of 1st period - Shot Misses the Net.
7:35 of 1st period - Shot by Johnny Oduya.
7:35 of 1st period - Shot Misses the Net.
7:37 of 1st period - Shot by Johnny Oduya.
7:37 of 1st period - Stopped by Kari Lehtonen without a rebound.
7:38 of 1st period - Derek Roy wins face-off versus Dave Bolland in Oilers zone.
7:45 of 1st period - Dave Bolland is hit by Dany Heatley and loses puck.
7:53 of 1st period - Shot by Dave Bolland.
7:53 of 1st period - Stopped by Kari Lehtonen without a rebound.
7:54 of 1st period - Jochen Hecht wins face-off versus Andrew Cogliano in Oilers zone.
7:56 of 1st period - Icing by Jakub Voracek.
7:57 of 1st period - Andrew Cogliano wins face-off versus Jochen Hecht in Oilers zone.
8:04 of 1st period - Shot by Luca Sbisa.
8:04 of 1st period - Shot Misses the Net.
8:06 of 1st period - Shot by Craig Smith.
8:06 of 1st period - Stopped by Kari Lehtonen without a rebound.
8:07 of 1st period - Sam Gagner wins face-off versus Derek Roy in Oilers zone.
8:31 of 1st period - Off-side.
8:32 of 1st period - Andrew Cogliano wins face-off versus Jochen Hecht in neutral zone.
8:55 of 1st period - Off-side.
8:56 of 1st period - Derek Roy wins face-off versus Sam Gagner in neutral zone.
10:09 of 1st period - Shot by Craig Smith.
10:09 of 1st period - Stopped by Kari Lehtonen without a rebound.
10:10 of 1st period - Jochen Hecht wins face-off versus Dave Bolland in Oilers zone.
10:45 of 1st period - Jiri Hudler is hit by Jeff Schultz and loses puck.
11:39 of 1st period - Minor Penalty to Andrew Cogliano for Interference.
11:40 of 1st period - Derek Roy wins face-off versus Dave Bolland in Panthers zone.
11:51 of 1st period - Shot by Chris Phillips.
11:51 of 1st period - Stopped by Semyon Varlamov without a rebound.
11:52 of 1st period - Derek Roy wins face-off versus Daniel Alfredsson in Panthers zone.
12:05 of 1st period - Shot by Dany Heatley.
12:05 of 1st period - Stopped by Semyon Varlamov without a rebound.
12:06 of 1st period - Dave Bolland wins face-off versus Derek Roy in Panthers zone.
13:09 of 1st period - Shot by Jochen Hecht.
13:09 of 1st period - Shot Misses the Net.
13:20 of 1st period - Icing by Jan Hejda.
13:21 of 1st period - Jochen Hecht wins face-off versus Dave Bolland in Oilers zone.
13:26 of 1st period - Shot by Nate Guenin.
13:26 of 1st period - Shot Blocked by Niklas Kronwall.
13:39 of 1st period - Icing by Niklas Kronwall.
13:40 of 1st period - Tim Stapleton wins face-off versus Dustin Jeffrey in Panthers zone.
14:16 of 1st period - Erik Gustafsson is hit by Colin Greening and loses puck.
14:31 of 1st period - Shot by Sam Gagner.
14:31 of 1st period - Shot Misses the Net.
14:33 of 1st period - Shot by Daniel Alfredsson.
14:33 of 1st period - Stopped by Kari Lehtonen without a rebound.
14:34 of 1st period - Adam Burish wins face-off versus Dave Bolland in Oilers zone.
14:34 of 1st period - Adam Burish is hit by Clarke MacArthur.
15:01 of 1st period - Adam Burish is hit by Niklas Kronwall and loses puck.
15:07 of 1st period - Minor Penalty to Adam Burish for Charging.
15:08 of 1st period - Jochen Hecht wins face-off versus Sam Gagner in Oilers zone.
15:28 of 1st period - Shot by Luca Sbisa.
15:28 of 1st period - Shot Blocked by Jan Hejda.
16:05 of 1st period - Jan Hejda is hit by Viktor Stalberg and loses puck.
16:40 of 1st period - Shot by Daniel Alfredsson.
16:40 of 1st period - Shot Blocked by Chris Phillips.
16:42 of 1st period - Shot by Sam Gagner.
16:42 of 1st period - Shot Hit the Post.
16:44 of 1st period - Shot by Niklas Kronwall.
16:44 of 1st period - Shot Misses the Net.
16:46 of 1st period - Shot by Luca Sbisa.
16:46 of 1st period - Shot Misses the Net.
16:48 of 1st period - Shot by Luca Sbisa.
16:48 of 1st period - Stopped by Kari Lehtonen without a rebound.
16:49 of 1st period - Dave Bolland wins face-off versus Jochen Hecht in Oilers zone.
17:01 of 1st period - Icing by Kyle Quincey.
17:02 of 1st period - Viktor Stalberg wins face-off versus Jochen Hecht in Panthers zone.
17:06 of 1st period - Ryan Smyth is hit by Jochen Hecht and loses puck.
17:11 of 1st period - Shot by Lee Stempniak.
17:11 of 1st period - Deflect By Colin Greening.
17:11 of 1st period - Stopped by Kari Lehtonen without a rebound.
17:12 of 1st period - Dustin Jeffrey wins face-off versus Tim Stapleton in Oilers zone.
17:12 of 1st period - Dustin Jeffrey is hit by Colin Greening.
17:19 of 1st period - Scott Hannan is hit by Luca Sbisa and loses puck.
17:34 of 1st period - Shot by Lee Stempniak.
17:34 of 1st period - Deflect By Tim Stapleton.
17:34 of 1st period - Stopped by Kari Lehtonen without a rebound.
17:35 of 1st period - Ryan Smyth wins face-off versus Adam Burish in Oilers zone.
17:58 of 1st period - Shot by Daniel Alfredsson.
17:58 of 1st period - Stopped by Kari Lehtonen without a rebound.
17:59 of 1st period - Dave Bolland wins face-off versus Derek Roy in Oilers zone.
18:30 of 1st period - Shot by Dany Heatley.
18:30 of 1st period - Shot Misses the Net.
18:33 of 1st period - Icing by Kyle Quincey.
18:34 of 1st period - Jochen Hecht wins face-off versus Dave Bolland in Panthers zone.
19:51 of 1st period - Off-side.
19:52 of 1st period - Viktor Stalberg wins face-off versus Radek Dvorak in neutral zone.
19:57 of 1st period - Shot by Viktor Stalberg.
19:57 of 1st period - Shot Misses the Net.

2nd period


0:01 of 2nd period - Jochen Hecht wins face-off versus Sam Gagner in neutral zone.
0:01 of 2nd period - Jochen Hecht is hit by Sam Gagner.
0:18 of 2nd period - Icing by Jakub Voracek.
0:19 of 2nd period - Jochen Hecht wins face-off versus Andrew Cogliano in Oilers zone.
0:54 of 2nd period - Craig Smith is hit by Ruslan Fedotenko and loses puck.
1:00 of 2nd period - Niklas Kronwall is hit by Jakub Voracek and loses puck.
1:23 of 2nd period - Daniel Alfredsson is hit by Erik Gustafsson and loses puck.
2:05 of 2nd period - Icing by Sam Gagner.
2:06 of 2nd period - Sam Gagner wins face-off versus Adam Burish in Panthers zone.
2:23 of 2nd period - Shot by Adam Burish.
2:23 of 2nd period - Stopped by Semyon Varlamov with a rebound.
2:33 of 2nd period - Shot by Adam Burish.
2:33 of 2nd period - Stopped by Semyon Varlamov without a rebound.
2:34 of 2nd period - Dave Bolland wins face-off versus Dustin Jeffrey in Panthers zone.
2:43 of 2nd period - Shot by Jiri Hudler.
2:43 of 2nd period - Stopped by Kari Lehtonen with a rebound.
2:45 of 2nd period - Shot by Kyle Quincey.
2:45 of 2nd period - Shot Blocked by Chris Phillips.
2:47 of 2nd period - Shot by Dave Bolland.
2:47 of 2nd period - Stopped by Kari Lehtonen with a rebound.
3:33 of 2nd period - Icing by Niklas Kronwall.
3:34 of 2nd period - Andrew Cogliano wins face-off versus Jakub Voracek in Panthers zone.
3:34 of 2nd period - Andrew Cogliano is hit by Ruslan Fedotenko.
3:37 of 2nd period - Icing by Niklas Kronwall.
3:38 of 2nd period - Ruslan Fedotenko wins face-off versus Andrew Cogliano in Panthers zone.
3:51 of 2nd period - Shot by Jakub Voracek.
3:51 of 2nd period - Shot Blocked by Kevin Klein.
4:03 of 2nd period - Shot by Craig Smith.
4:03 of 2nd period - Stopped by Kari Lehtonen without a rebound.
4:04 of 2nd period - Sam Gagner wins face-off versus Adam Burish in Oilers zone.
4:21 of 2nd period - Jeff Schultz is hit by Ryan Smyth and loses puck.
4:52 of 2nd period - Icing by Kyle Quincey.
4:53 of 2nd period - Sam Gagner wins face-off versus Dany Heatley in Panthers zone.
5:36 of 2nd period - Icing by Niklas Kronwall.
5:37 of 2nd period - Jochen Hecht wins face-off versus Dave Bolland in Panthers zone.
6:30 of 2nd period - Shot by Radek Dvorak.
6:30 of 2nd period - Shot Misses the Net.
6:32 of 2nd period - Shot by Radek Dvorak.
6:32 of 2nd period - Shot Misses the Net.
6:34 of 2nd period - Shot by Adam Burish.
6:34 of 2nd period - Shot Misses the Net.
6:36 of 2nd period - Shot by Radek Dvorak.
6:36 of 2nd period - Stopped by Semyon Varlamov without a rebound.
6:37 of 2nd period - Sam Gagner wins face-off versus Derek Roy in Panthers zone.
6:50 of 2nd period - Shot by Daniel Alfredsson.
6:50 of 2nd period - Stopped by Kari Lehtonen with a rebound.
7:16 of 2nd period - Erik Gustafsson is hit by Ryan Smyth and loses puck.
7:35 of 2nd period - Icing by Johnny Oduya.
7:36 of 2nd period - Sam Gagner wins face-off versus Jochen Hecht in Panthers zone.
7:36 of 2nd period - Sam Gagner is hit by Ruslan Fedotenko.
7:47 of 2nd period - Icing by Jan Hejda.
7:48 of 2nd period - Jochen Hecht wins face-off versus Andrew Cogliano in Oilers zone.
8:22 of 2nd period - Off-side.
8:23 of 2nd period - Dave Bolland wins face-off versus Adam Burish in neutral zone.
8:56 of 2nd period - Nate Guenin is hit by Niklas Kronwall.
9:49 of 2nd period - Shot by Chris Phillips.
9:49 of 2nd period - Shot Blocked by Andy Greene.
10:36 of 2nd period - Shot by Andrew Cogliano.
10:36 of 2nd period - Stopped by Kari Lehtonen without a rebound.
10:37 of 2nd period - Sam Gagner wins face-off versus Dustin Jeffrey in Oilers zone.
10:54 of 2nd period - Shot by Jason Pominville.
10:54 of 2nd period - Stopped by Semyon Varlamov without a rebound.
10:55 of 2nd period - Craig Smith wins face-off versus Adam Burish in Panthers zone.
10:55 of 2nd period - Craig Smith is hit by Adam Burish.
11:26 of 2nd period - Shot by Andrew Cogliano.
11:26 of 2nd period - Stopped by Kari Lehtonen without a rebound.
11:27 of 2nd period - Dave Bolland wins face-off versus Jochen Hecht in Oilers zone.
11:30 of 2nd period - Shot by Clarke MacArthur.
11:30 of 2nd period - Shot Misses the Net.
11:32 of 2nd period - Shot by Dave Bolland.
11:32 of 2nd period - Goal by Dave Bolland - Oilers : 0 - Panthers : 1.
11:33 of 2nd period - Derek Roy wins face-off versus Jiri Hudler in neutral zone.
11:36 of 2nd period - Shot by Jason Pominville.
11:36 of 2nd period - Goal by Jason Pominville - Oilers : 1 - Panthers : 1.
11:37 of 2nd period - Dave Bolland wins face-off versus Jason Pominville in neutral zone.
11:52 of 2nd period - Shot by Jiri Hudler.
11:52 of 2nd period - Stopped by Kari Lehtonen without a rebound.
11:53 of 2nd period - Sam Gagner wins face-off versus Jochen Hecht in Oilers zone.
11:55 of 2nd period - Minor Penalty to Jeff Schultz for Slashing.
11:56 of 2nd period - Sam Gagner wins face-off versus Adam Burish in Oilers zone.
12:09 of 2nd period - Shot by Daniel Alfredsson.
12:09 of 2nd period - Shot Misses the Net.
12:11 of 2nd period - Shot by Jiri Hudler.
12:11 of 2nd period - Stopped by Kari Lehtonen without a rebound.
12:12 of 2nd period - Dave Bolland wins face-off versus Adam Burish in Oilers zone.
12:17 of 2nd period - Shot by Johnny Oduya.
12:17 of 2nd period - Shot Misses the Net.
12:40 of 2nd period - Ryan Smyth is hit by Jan Hejda and loses puck.
13:41 of 2nd period - Chris Phillips is hit by Jiri Hudler and loses puck.
13:52 of 2nd period - Shot by Daniel Alfredsson.
13:52 of 2nd period - Shot Misses the Net.
14:23 of 2nd period - Shot by Niklas Kronwall.
14:23 of 2nd period - Deflect By Lee Stempniak.
14:23 of 2nd period - Goal by Lee Stempniak - Oilers : 1 - Panthers : 2.
14:24 of 2nd period - Sam Gagner wins face-off versus Ruslan Fedotenko in neutral zone.
14:27 of 2nd period - Shot by Daniel Alfredsson.
14:27 of 2nd period - Stopped by Kari Lehtonen without a rebound.
14:28 of 2nd period - Tim Stapleton wins face-off versus Jochen Hecht in Oilers zone.
14:28 of 2nd period - Tim Stapleton is hit by Jeff Schultz.
14:55 of 2nd period - Minor Penalty to Colin Greening for Slashing.
14:56 of 2nd period - Derek Roy wins face-off versus Daniel Alfredsson in Panthers zone.
14:57 of 2nd period - Shot by Chris Phillips.
14:57 of 2nd period - Stopped by Semyon Varlamov without a rebound.
14:58 of 2nd period - Derek Roy wins face-off versus Dave Bolland in Panthers zone.
14:59 of 2nd period - Shot by Jason Pominville.
14:59 of 2nd period - Stopped by Semyon Varlamov without a rebound.
15:00 of 2nd period - Jochen Hecht wins face-off versus Daniel Alfredsson in Panthers zone.
15:11 of 2nd period - Shot by Chris Phillips.
15:11 of 2nd period - Stopped by Semyon Varlamov without a rebound.
15:12 of 2nd period - Dave Bolland wins face-off versus Jason Pominville in Panthers zone.
15:12 of 2nd period - Dave Bolland is hit by Derek Roy.
15:22 of 2nd period - Shot by Jan Hejda.
15:22 of 2nd period - Shot Misses the Net.
15:24 of 2nd period - Shot by Nate Guenin.
15:24 of 2nd period - Stopped by Semyon Varlamov without a rebound.
15:25 of 2nd period - Jochen Hecht wins face-off versus Dave Bolland in Panthers zone.
15:30 of 2nd period - Shot by Chris Phillips.
15:30 of 2nd period - Stopped by Semyon Varlamov without a rebound.
15:31 of 2nd period - Daniel Alfredsson wins face-off versus Jochen Hecht in Panthers zone.
15:51 of 2nd period - Shot by Erik Gustafsson.
15:51 of 2nd period - Stopped by Semyon Varlamov with a rebound.
15:53 of 2nd period - Shot by Tomas Holmstrom.
15:53 of 2nd period - Shot Misses the Net.
15:55 of 2nd period - Shot by Jochen Hecht.
15:55 of 2nd period - Shot Misses the Net.
17:49 of 2nd period - Icing by Andy Greene.
17:50 of 2nd period - Jochen Hecht wins face-off versus Tim Stapleton in Panthers zone.
18:03 of 2nd period - Shot by Ruslan Fedotenko.
18:03 of 2nd period - Deflect By Jakub Voracek.
18:03 of 2nd period - Shot Misses the Net.
18:35 of 2nd period - Icing by Scott Hannan.
18:36 of 2nd period - Ruslan Fedotenko wins face-off versus Ryan Smyth in Oilers zone.
19:11 of 2nd period - Shot by Ryan Smyth.
19:11 of 2nd period - Goal by Ryan Smyth - Oilers : 1 - Panthers : 3.
19:12 of 2nd period - Dave Bolland wins face-off versus Derek Roy in neutral zone.
19:18 of 2nd period - Derek Roy is hit by Kyle Quincey.
19:27 of 2nd period - Minor Penalty to Dave Bolland for Roughing.
19:28 of 2nd period - Daniel Alfredsson wins face-off versus Derek Roy in Panthers zone.
19:28 of 2nd period - Daniel Alfredsson is hit by Jason Pominville.
19:50 of 2nd period - Shot by Jason Pominville.
19:50 of 2nd period - Shot Blocked by Andy Greene.

3rd period


0:01 of 3rd period - Daniel Alfredsson wins face-off versus Jochen Hecht in neutral zone.
0:30 of 3rd period - Shot by Erik Gustafsson.
0:30 of 3rd period - Deflect By Tomas Holmstrom.
0:30 of 3rd period - Shot Blocked by Kevin Klein.
0:32 of 3rd period - Shot by Jakub Voracek.
0:32 of 3rd period - Shot Misses the Net.
0:34 of 3rd period - Shot by Jochen Hecht.
0:34 of 3rd period - Shot Misses the Net.
1:24 of 3rd period - Jan Hejda is hit by Craig Smith and loses puck.
2:02 of 3rd period - Shot by Lee Stempniak.
2:02 of 3rd period - Shot Blocked by Jan Hejda.
2:05 of 3rd period - Minor Penalty to Jeff Schultz for Interference.
2:06 of 3rd period - Adam Burish wins face-off versus Sam Gagner in Oilers zone.
2:16 of 3rd period - Niklas Kronwall is hit by Chris Phillips and loses puck.
2:37 of 3rd period - Shot by Niklas Kronwall.
2:37 of 3rd period - Shot Misses the Net.
2:43 of 3rd period - Shot by Sam Gagner.
2:43 of 3rd period - Stopped by Kari Lehtonen without a rebound.
2:44 of 3rd period - Dave Bolland wins face-off versus Adam Burish in Oilers zone.
3:42 of 3rd period - Major / Game Misconduct Penalty to Chris Phillips for Checking from behind.
3:42 of 3rd period - Chris Phillips is ejected from game.
3:43 of 3rd period - Jochen Hecht wins face-off versus Sam Gagner in Oilers zone.
3:43 of 3rd period - Jan Hejda is hit by Daniel Alfredsson and loses puck.
3:51 of 3rd period - Icing by Sam Gagner.
3:52 of 3rd period - Sam Gagner wins face-off versus Jochen Hecht in Panthers zone.
4:29 of 3rd period - Shot by Dave Bolland.
4:29 of 3rd period - Shot Misses the Net.
4:52 of 3rd period - Shot by Johnny Oduya.
4:52 of 3rd period - Stopped by Kari Lehtonen with a rebound.
4:54 of 3rd period - Shot by Kyle Quincey.
4:54 of 3rd period - Shot Misses the Net.
4:56 of 3rd period - Shot by Johnny Oduya.
4:56 of 3rd period - Stopped by Kari Lehtonen without a rebound.
4:57 of 3rd period - Adam Burish wins face-off versus Sam Gagner in Oilers zone.
5:10 of 3rd period - Shot by Niklas Kronwall.
5:10 of 3rd period - Stopped by Kari Lehtonen with a rebound.
5:12 of 3rd period - Shot by Luca Sbisa.
5:12 of 3rd period - Shot Misses the Net.
5:14 of 3rd period - Shot by Daniel Alfredsson.
5:14 of 3rd period - Stopped by Kari Lehtonen without a rebound.
5:15 of 3rd period - Dave Bolland wins face-off versus Adam Burish in Oilers zone.
6:26 of 3rd period - Minor Penalty to Dave Bolland for Holding.
6:27 of 3rd period - Colin Greening wins face-off versus Adam Burish in Panthers zone.
6:51 of 3rd period - Shot by Radek Dvorak.
6:51 of 3rd period - Stopped by Semyon Varlamov with a rebound.
6:53 of 3rd period - Shot by Scott Hannan.
6:53 of 3rd period - Goal by Scott Hannan - Oilers : 2 - Panthers : 3.
6:54 of 3rd period - Colin Greening wins face-off versus Lennart Petrell in neutral zone.
7:21 of 3rd period - Shot by Colin Greening.
7:21 of 3rd period - Deflect By Ryan Smyth.
7:21 of 3rd period - Goal by Ryan Smyth - Oilers : 2 - Panthers : 4.
7:22 of 3rd period - Craig Smith wins face-off versus Adam Burish in neutral zone.
7:43 of 3rd period - Shot by Jan Hejda.
7:43 of 3rd period - Stopped by Semyon Varlamov without a rebound.
7:44 of 3rd period - Dany Heatley wins face-off versus Colin Greening in Panthers zone.
9:33 of 3rd period - Jan Hejda is hit by Jiri Hudler and loses puck.
9:38 of 3rd period - Shot by Dave Bolland.
9:38 of 3rd period - Shot Misses the Net.
9:40 of 3rd period - Shot by Johnny Oduya.
9:40 of 3rd period - Stopped by Kari Lehtonen without a rebound.
9:41 of 3rd period - Tim Stapleton wins face-off versus Dustin Jeffrey in Oilers zone.
10:44 of 3rd period - Shot by Radek Dvorak.
10:44 of 3rd period - Shot Blocked by Kevin Klein.
11:12 of 3rd period - Shot by Daniel Alfredsson.
11:12 of 3rd period - Stopped by Kari Lehtonen with a rebound.
11:36 of 3rd period - Shot by Johnny Oduya.
11:36 of 3rd period - Shot Blocked by Scott Hannan.
12:08 of 3rd period - Shot by Dave Bolland.
12:08 of 3rd period - Shot Blocked by Scott Hannan.
12:10 of 3rd period - Shot by Jiri Hudler.
12:10 of 3rd period - Stopped by Kari Lehtonen without a rebound.
12:11 of 3rd period - Derek Roy wins face-off versus Andrew Cogliano in Oilers zone.
12:26 of 3rd period - Shot by Viktor Stalberg.
12:26 of 3rd period - Shot Blocked by Erik Gustafsson.
12:28 of 3rd period - Shot by Andrew Cogliano.
12:28 of 3rd period - Goal by Andrew Cogliano - Oilers : 2 - Panthers : 5.
12:29 of 3rd period - Dave Bolland wins face-off versus Tomas Holmstrom in neutral zone.
13:09 of 3rd period - Shot by Kyle Quincey.
13:09 of 3rd period - Shot Blocked by Radek Dvorak.
13:24 of 3rd period - Minor Penalty to Jason Pominville for Roughing.
13:25 of 3rd period - Derek Roy wins face-off versus Sam Gagner in Oilers zone.
13:40 of 3rd period - Shot by Daniel Alfredsson.
13:40 of 3rd period - Deflect By Sam Gagner.
13:40 of 3rd period - Stopped by Kari Lehtonen without a rebound.
13:41 of 3rd period - Adam Burish wins face-off versus Dave Bolland in Oilers zone.
14:17 of 3rd period - Shot by Dave Bolland.
14:17 of 3rd period - Deflect By Viktor Stalberg.
14:17 of 3rd period - Shot Blocked by Erik Gustafsson.
14:19 of 3rd period - Shot by Dave Bolland.
14:19 of 3rd period - Shot Misses the Net.
14:39 of 3rd period - Shot by Kyle Quincey.
14:39 of 3rd period - Shot Misses the Net.
14:59 of 3rd period - Ruslan Fedotenko is hit by Daniel Alfredsson and loses puck.
15:38 of 3rd period - Shot by Tim Stapleton.
15:38 of 3rd period - Stopped by Kari Lehtonen without a rebound.
15:39 of 3rd period - Derek Roy wins face-off versus Andrew Cogliano in Oilers zone.
15:39 of 3rd period - Jason Pominville is hit by Viktor Stalberg and loses puck.
15:45 of 3rd period - Minor Penalty to Andrew Cogliano for Slashing.
15:46 of 3rd period - Jakub Voracek wins face-off versus Dave Bolland in Panthers zone.
15:51 of 3rd period - Shot by Jan Hejda.
15:51 of 3rd period - Shot Misses the Net.
15:55 of 3rd period - Shot by Jan Hejda.
15:55 of 3rd period - Shot Blocked by Ryan Smyth.
15:57 of 3rd period - Shot by Jochen Hecht.
15:57 of 3rd period - Stopped by Semyon Varlamov without a rebound.
15:58 of 3rd period - Derek Roy wins face-off versus Daniel Alfredsson in Panthers zone.
16:09 of 3rd period - Shot by Jason Pominville.
16:09 of 3rd period - Goal by Jason Pominville - Oilers : 3 - Panthers : 5.
16:10 of 3rd period - Andrew Cogliano wins face-off versus Jochen Hecht in neutral zone.
16:22 of 3rd period - Icing by Ruslan Fedotenko.
16:23 of 3rd period - Jochen Hecht wins face-off versus Dave Bolland in Oilers zone.
16:31 of 3rd period - Jakub Voracek is hit by Kyle Quincey and loses puck.
16:37 of 3rd period - Jakub Voracek is hit by Kyle Quincey and loses puck.
16:41 of 3rd period - Ruslan Fedotenko is hit by Kyle Quincey and loses puck.
17:09 of 3rd period - Shot by Derek Roy.
17:09 of 3rd period - Stopped by Semyon Varlamov without a rebound.
17:09 of 3rd period - Minor Penalty to Kyle Quincey for Hooking.
17:10 of 3rd period - Derek Roy wins face-off versus Daniel Alfredsson in Panthers zone.
17:27 of 3rd period - Shot by Erik Gustafsson.
17:27 of 3rd period - Stopped by Semyon Varlamov without a rebound.
17:28 of 3rd period - Derek Roy wins face-off versus Daniel Alfredsson in Panthers zone.
17:39 of 3rd period - Shot by Dany Heatley.
17:39 of 3rd period - Shot Blocked by Kevin Klein.
17:41 of 3rd period - Shot by Erik Gustafsson.
17:41 of 3rd period - Shot Misses the Net.
17:43 of 3rd period - Shot by Erik Gustafsson.
17:43 of 3rd period - Stopped by Semyon Varlamov without a rebound.
17:44 of 3rd period - Tomas Holmstrom wins face-off versus Dave Bolland in Panthers zone.
17:53 of 3rd period - Shot by Jan Hejda.
17:53 of 3rd period - Stopped by Semyon Varlamov without a rebound.
17:54 of 3rd period - Daniel Alfredsson wins face-off versus Derek Roy in Panthers zone.
17:54 of 3rd period - Daniel Alfredsson is hit by Dany Heatley.
18:07 of 3rd period - Shot by Dany Heatley.
18:07 of 3rd period - Shot Misses the Net.
18:09 of 3rd period - Shot by Jeff Schultz.
18:09 of 3rd period - Stopped by Semyon Varlamov without a rebound.
18:10 of 3rd period - Jochen Hecht wins face-off versus Dave Bolland in Panthers zone.
18:24 of 3rd period - Icing by Jakub Voracek.
18:25 of 3rd period - Daniel Alfredsson wins face-off versus Jochen Hecht in Oilers zone.
18:28 of 3rd period - Shot by Viktor Stalberg.
18:28 of 3rd period - Shot Misses the Net.
18:50 of 3rd period - Shot by Jan Hejda.
18:50 of 3rd period - Goal by Jan Hejda - Oilers : 4 - Panthers : 5.
18:51 of 3rd period - Dave Bolland wins face-off versus Derek Roy in neutral zone.
19:18 of 3rd period - Shot by Jiri Hudler.
19:18 of 3rd period - Goal by Jiri Hudler - Oilers : 4 - Panthers : 6.
19:19 of 3rd period - Jochen Hecht wins face-off versus Viktor Stalberg in neutral zone.


Output by the SimonT Hockey Simulator (STHS) for Stephane Roy -- Original Page W3C XHTML 1.0 Valid
Hockey Simulator - Hockey Simulation - Hockey Manager